 Dungeon Crawl Stone Soup version 0.31-a0-963-ga325b2283a (webtiles) character file.

Game seed: 11776970053302295174

10910 Xavori the Nimble (level 12, -1/88 HPs)
             Began as a Djinni Chaos Knight on Oct 25, 2023.
             Was a Plaything of Xom.
             Slain by a two-headed ogre
             ... wielding a +0 giant club
              (25 damage)
             ... on level 11 of the Dungeon on Oct 26, 2023.
             The game lasted 00:22:12 (13931 turns).

Xavori the Nimble (Djinni Chaos Knight)            Turns: 13931, Time: 00:22:12

Health: -1/88      AC:  8    Str: 10    XL:     12   Next: 1%
Gold:   476        EV: 17    Int: 13    God:    Xom [....*.] SH: 10 Dex: 22

rFire   + + .        B - +5 long sword
rCold   x . .        E - +0 buckler
rNeg    . . .        L - +0 troll leather armour
rPois   ∞            (no helmet)
rElec   .            y - +1 cloak
rCorr   +            (no gloves)
SInv    +            (boots unavailable)
Will    +....        M - amulet of reflection
Stlth   ++           f - ring of resist corrosion
HPRegen 1.14/turn    K - ring of see invisible
MPRegen 0.00/turn

%: reflection, infuse magic (-2 HP)
@: flying
A: sickness immunity, fire resistance 2, cold vulnerability 1, float, innate
caster, HP casting, extra vitality 1, fangs 1, iridescent scales 1, agile 1
a: Renounce Religion


You were on level 11 of the Dungeon.
You worshipped Xom.
You were a beloved toy of Xom.
You visited 1 branch of the dungeon, and saw 11 of its levels.
You also visited: Gauntlet.

You collected 619 gold pieces.
You spent 143 gold pieces at shops.

Inventory:

Hand Weapons
 B - a +5 long sword (weapon)
Missiles
 q - a throwing net
Armour
 b - a +2 leather armour
 y - a +1 cloak (worn)
 E - a +0 buckler (worn)
 L - a +0 troll leather armour (worn)
Jewellery
 f - a ring of resist corrosion (left hand)
 o - a ring of positive energy
 G - a +6 ring of strength
 K - a ring of see invisible (right hand)
 M - an amulet of reflection (around neck)
Wands
 v - a wand of charming (13)
 x - a wand of flame (10)
 A - a wand of roots (8)
 H - a wand of digging (4)
 I - a wand of mindburst (5)
Scrolls
 c - a scroll of butterflies
 e - 2 scrolls of noise
 i - 3 scrolls of torment
 l - 2 scrolls of poison
 m - a scroll of blinking
 n - 5 scrolls of teleportation
 p - 2 scrolls of summoning
 r - a scroll of enchant weapon
 s - 8 scrolls of identify
 u - a scroll of revelation
 D - a scroll of brand weapon
 J - a scroll of fog
Potions
 a - a potion of enlightenment {unknown}
 d - 2 potions of ambrosia
 g - a potion of attraction
 h - 5 potions of curing
 j - 2 potions of brilliance {unknown}
 k - 4 potions of haste
 t - a potion of magic {unknown}
 z - a potion of invisibility {unknown}
 C - a potion of degeneration {unknown}
Miscellaneous
 w - a lightning rod (3/4)


   Skills:
 + Level 8.4 Fighting
 + Level 7.7 Long Blades
 + Level 7.8 Armour
 + Level 8.8 Dodging
 * Level 7.0 Spellcasting
 * Level 7.0 Conjurations
 * Level 7.0 Hexes
   Level 0.0 Charms
 * Level 7.0 Summonings
 * Level 7.0 Necromancy
 * Level 7.0 Translocations
 * Level 7.0 Transmutations
 * Level 7.0 Fire Magic
 * Level 7.0 Ice Magic
 * Level 7.0 Air Magic
 * Level 7.0 Earth Magic
 * Level 7.0 Poison Magic


You knew the following spells:

 Your Spells              Type           Power      Damage    Failure   Level
a - Sandblast             Erth           44%        2d11      1%          1
b - Call Imp              Summ           44%        N/A       2%          2
c - Searing Ray           Conj           44%        2d6       2%          2
d - Call Canine Familiar  Summ           22%        N/A       4%          3
e - Fulminant Prism       Conj/Hex       11%        3d8       17%         4
Your spell library was empty.

Dungeon Overview and Level Annotations

Branches:
Dungeon (11/15)            Temple (0/1) D:6            Lair (0/5) D:11
    Orc (0/2) D:10        Gauntlet (visited)

Altars:
Ashenzari
Dithmenos
Elyvilon
Fedhas
Gozag
Hepliaklqana
Nemelex Xobeh
Okawaru
Uskayaw
Wu Jian
Xom
Yredelemnul
Zin

Shops:
D:3 ?   D:4 *(

Annotations:
D:1 1 runed translucent door
D:7 2 transporters, exclusion: ice statue, deremet's ghost, amateur HORe
D:10 exclusion: ice statue


Innate Abilities, Weirdness & Mutations

You are immune to sickness and miasma.
You are immune to poison.
Your flesh is very heat resistant. (rF++)
You are vulnerable to cold. (rC-)
You float through the air rather than walking.
You learn spells naturally, not from books.
Your magical power is your life essence.
You have superior vitality. (+4 MHP)
You have very sharp teeth.
You are partially covered in iridescent scales. (AC +2)
You are agile. (Dex +4, Str/Int -1)


Message History

Press: ? - help, Shift-Dir - straight line, f - two-headed ogre
Aim: a two-headed ogre, wielding two +0 giant clubs (chance to affect: 31%)
The two-headed ogre easily resists.
The tengu warrior unwields a +2 longbow of flaming.
It stops flaming.
The tengu warrior wields a +0 bardiche.
The tengu warrior closely misses your cerulean imp. x2
The tengu warrior claws your cerulean imp.
The two-headed ogre hits you with a +0 giant club!!
* * * LOW HITPOINT WARNING * * *
The two-headed ogre closely misses you.
Your cerulean imp hits the tengu warrior but does no damage.
Aiming: Thunderbolt
Press: ? - help, Shift-Dir - straight line, f/p - two-headed ogre
Aim: a two-headed ogre, wielding two +0 giant clubs The thunderbolt hits the acid dragon!!
You kill the acid dragon!
The acid dragon scales are intact enough to wear.
The thunderbolt hits the two-headed ogre!
The two-headed ogre is moderately wounded.
The tengu warrior completely misses your cerulean imp.
The tengu warrior pecks your cerulean imp but does no damage.
The tengu warrior claws your cerulean imp.
The tengu warrior blocks your cerulean imp's attack.
The two-headed ogre barely misses you. You block the two-headed ogre's attack.
You have reached level 12!
You feel clever.
Unknown command.
You hit the two-headed ogre.
The two-headed ogre is moderately wounded.
The tengu warrior hits your cerulean imp with a +0 bardiche!!
Your cerulean imp dies!
Your cerulean imp disappears in a puff of smoke!
Unknown command.
Unknown command.
The tengu warrior shouts!
You hit the two-headed ogre.
The two-headed ogre is heavily wounded.
The two-headed ogre hits you with a +0 giant club!!
You die...
Xom howls with laughter!

* #...#,*,**#,*,#...##
###)# ##..#*,,,.#,,*#..#*
##.
***#####..#####.#####..#
#)
,,........Q..........).#
##)
,,.........§..###..###.##
#.. ,,.##.....#....#..#*
#.§# ###÷#
****###..###..[..#*
##.#####...# ,****#..#*
#)..O## *#....[..#..
,,,*#.##*
##...@#***#.....#####.
*,,...* #.....#....###.#
*# ***..** *#.........#*
#.# * ***,** #..##..##.#*
#.# * ,,,,** ##.,##.##.#
#.# * ,***,** ##*,,..#,*
### * *,***,* *,*...,*
****,,* ***###,* **** ***


You could see a tengu warrior (reflecting) and a two-headed ogre.

Vanquished Creatures
  2 two-headed ogres (D:11)
  An ugly thing (D:11)
  A manticore (D:11)
  Joseph (D:7)
  3 trolls
  A spriggan (D:9)
  3 wraiths
  9 yaks
  2 steam dragons
  2 acid dragons (D:11)
  2 water moccasins
  2 orc warriors (D:10)
  2 black bears
  4 ogres
  An ice beast (D:7)
  2 sky beasts
  3 centaurs
  A phantom (D:3)
  7 kobold brigands
  3 bullfrogs
  2 gnoll sergeants
  2 scorpions
  6 wights
  3 killer bees (D:8)
  5 howler monkeys
  2 jellies
  4 hounds
  Crazy Yiuf (D:7)
  7 orc priests
  4 iguanas
  7 orc wizards
  7 gnolls
  7 adders
  A river rat (D:2)
  A white imp (D:6)
  2 worms (D:2)
  5 dart slugs
  46 orcs
  10 ball pythons
  5 bats
  8 endoplasms
  4 giant cockroaches
  8 hobgoblins
  6 jackals
  16 kobolds
  9 quokkas
  11 goblins
  7 rats
248 creatures vanquished.

Vanquished Creatures (collateral kills)
  Maurice (D:9)
  A kobold demonologist (D:9)
  2 trolls
  3 yaks (D:10)
  A black bear (D:6)
  2 orc warriors
  An ogre (D:10)
  A centaur (D:11)
  Blork the orc (D:6)
  3 wights
  A hound (D:5)
  A jelly (D:6)
  An orc priest (D:6)
  6 gnolls
  An ufetubus (D:6)
  5 orcs
  A goblin (D:7)
32 creatures vanquished.

Vanquished Creatures (others)
  An orc (D:6)
  9 fulminant prisms
10 creatures vanquished.

Grand Total: 290 creatures vanquished

Notes
Turn   | Place    | Note
-------+----------+-------------------------------------------
     0 | D:1      | Xavori the Djinni Chaos Knight began the quest for the Orb.
     0 | D:1      | Reached XP level 1. HP: 20/20 MP: 0/0
     0 | D:1      | Noticed a jelly
     1 | D:1      | Found a runed translucent door.
    83 | D:1      | Reached XP level 2. HP: 21/25 MP: 0/0
   313 | D:1      | Reached XP level 3. HP: 30/30 MP: 0/0
   313 | D:1      | Learned a level 1 spell: Sandblast
  1516 | D:1      | XOM: god gift: 39 gold pieces
  2021 | D:1      | XOM: scenery: 1 doors close
  2085 | D:1      | XOM: summons 3 hostile shadow creatures
  2336 | D:1      | XOM: noise
  2419 | D:1      | XOM: summons 4 hostile shadow creatures
  2597 | D:2      | XOM: 2-stop teleportation journey
  2716 | D:2      | Found a faded altar of an unknown god.
  2789 | D:2      | Reached XP level 4. HP: 35/35 MP: 0/0
  2826 | D:2      | XOM: swap monsters
  2828 | D:2      | XOM: smoke on damage
  2836 | D:2      | Reached skill level 1 in Spellcasting
  2836 | D:2      | Reached skill level 1 in Conjurations
  2836 | D:2      | Reached skill level 1 in Hexes
  2836 | D:2      | Reached skill level 1 in Summonings
  2836 | D:2      | Reached skill level 1 in Necromancy
  2836 | D:2      | Reached skill level 1 in Translocations
  2836 | D:2      | Reached skill level 1 in Transmutations
  2836 | D:2      | Reached skill level 1 in Fire Magic
  2836 | D:2      | Reached skill level 1 in Ice Magic
  2836 | D:2      | Reached skill level 1 in Air Magic
  2836 | D:2      | Reached skill level 1 in Earth Magic
  2836 | D:2      | Reached skill level 1 in Poison Magic
  2951 | D:2      | XOM: cast spell 'Death Channel'
  3115 | D:2      | Reached XP level 5. HP: 39/40 MP: 0/0
  3115 | D:2      | Learned a level 2 spell: Call Imp
  3474 | D:3      | Noticed a phantom
  3492 | D:3      | Killed a phantom
  3493 | D:3      | Reached XP level 6. HP: 30/47 MP: 0/0
  3598 | D:3      | XOM: god gift: scroll labelled NIQEDW OWERIVA {god gift}
  3694 | D:3      | Found Luadd's Magic Scroll Emporium.
  3702 | D:3      | Bought 3 scrolls of identify for 66 gold pieces
  3702 | D:3      | Bought a scroll of teleportation for 33 gold pieces
  3702 | D:3      | Bought a scroll of fear for 44 gold pieces
  3787 | D:3      | XOM: god gift: scroll labelled ACKEIGE GOTI {god gift}
  3824 | D:3      | XOM: give mutations
  3824 | D:3      | Gained mutation: You have very sharp teeth. [Xom's
                  | mischief]
  3824 | D:3      | Gained mutation: You are agile. (Dex +4, Str/Int -1) [Xom's
                  | mischief]
  3824 | D:3      | Gained mutation: You are partially covered in iridescent
                  | scales. (AC +2) [Xom's mischief]
  3925 | D:3      | XOM: silly message
  3940 | D:3      | XOM: 9-stop teleportation journey
  4247 | D:4      | Found an ornate altar of the Wu Jian Council.
  4296 | D:4      | Found a sparkling altar of Nemelex Xobeh.
  4681 | D:4      | Found Ridetu's Assorted Antiques.
  4694 | D:4      | Reached XP level 7. HP: 52/52 MP: 0/0
  4694 | D:4      | Learned a level 2 spell: Searing Ray
  4732 | D:4      | Found Runuph's Antique Weapon Shop.
  4846 | D:5      | Entered Level 5 of the Dungeon
  5113 | D:5      | XOM: divination: detect items
  5134 | D:5      | XOM: potion effect (heal wounds)
  5175 | D:4      | XOM: confuse monster(s)
  5272 | D:4      | XOM: god gift: 26 gold pieces
  5424 | D:5      | Noticed a troll
  5433 | D:5      | Killed a troll
  5434 | D:5      | Reached XP level 8. HP: 53/58 MP: 0/0
  5468 | D:5      | Found a white marble altar of Elyvilon.
  5591 | D:5      | Found a hazy altar of Hepliaklqana.
  5881 | D:5      | XOM: cloud trail
  5905 | D:5      | XOM: noise
  6012 | D:6      | Found a blossoming altar of Fedhas.
  6025 | D:6      | XOM: fake destruction
  6052 | D:6      | XOM: potion effect (invisibility)
  6059 | D:6      | Reached skill level 5 in Fighting
  6077 | D:6      | XOM: divine lightning
  6242 | D:5      | XOM: silly message
  6250 | D:5      | XOM: cloud trail
  6254 | D:6      | Reached skill level 5 in Dodging
  6323 | D:6      | Found a staircase to the Ecumenical Temple.
  6329 | D:6      | Found a hide-covered altar of Uskayaw.
  6458 | D:6      | Noticed Blork the orc
  6468 | D:6      | Killed Blork the orc
  6492 | D:6      | Reached XP level 9. HP: 65/65 MP: 0/0
  6492 | D:6      | Learned a level 3 spell: Call Canine Familiar
  6781 | D:6      | Reached skill level 5 in Long Blades
  7290 | D:6      | XOM: fog
  7317 | D:6      | Reached skill level 5 in Armour
  7414 | D:7      | XOM: divination: detect items
  7726 | D:7      | Noticed Joseph
  7743 | D:7      | XOM: confuse monster(s)
  7751 | D:7      | XOM: swap monsters
  7766 | D:7      | XOM: scenery: create altars
  7767 | D:7      | Killed Joseph
  8032 | D:7      | Reached XP level 10. HP: 60/72 MP: 0/0
  8472 | D:7      | Reached skill level 5 in Spellcasting
  8472 | D:7      | Reached skill level 5 in Conjurations
  8472 | D:7      | Reached skill level 5 in Hexes
  8472 | D:7      | Reached skill level 5 in Summonings
  8472 | D:7      | Reached skill level 5 in Necromancy
  8472 | D:7      | Reached skill level 5 in Translocations
  8472 | D:7      | Reached skill level 5 in Transmutations
  8472 | D:7      | Reached skill level 5 in Fire Magic
  8472 | D:7      | Reached skill level 5 in Ice Magic
  8472 | D:7      | Reached skill level 5 in Air Magic
  8472 | D:7      | Reached skill level 5 in Earth Magic
  8472 | D:7      | Reached skill level 5 in Poison Magic
  8523 | D:7      | XOM: cloud trail
  8655 | D:7      | Noticed a skeletal warrior
  8680 | D:7      | Noticed a kobold demonologist
  8685 | D:7      | Noticed deremet's ghost (amateur HORe)
  8692 | D:7      | XOM: polymorph kobold brigand -> black bear
  8962 | D:7      | Found a transporter.
  8966 | D:7      | Found a transporter.
  8966 | D:7      | Noticed an ice statue
  9128 | D:7      | Found a runed translucent door.
  9129 | D:7      | Noticed Crazy Yiuf
  9286 | D:7      | XOM: polymorph hound -> shapeshifter
  9294 | D:7      | Killed Crazy Yiuf
  9354 | D:8      | XOM: cloud trail
  9832 | D:8      | XOM: silly message
  9897 | D:8      | XOM: 6-stop teleportation journey
  9979 | D:8      | XOM: cloud trail
 10424 | D:9      | Noticed Maurice
 10425 | D:9      | XOM: enchant monster (good)
 10434 | D:9      | Killed Maurice
 10458 | D:9      | Found a shimmering altar of Xom.
 10459 | D:9      | Found a shimmering altar of Xom.
 10464 | D:9      | Found a broken altar of Ashenzari.
 10472 | D:9      | Noticed a kobold demonologist
 10473 | D:9      | XOM: potion effect (heal wounds)
 10480 | D:9      | Killed a kobold demonologist
 10585 | D:9      | Found a basalt altar of Yredelemnul.
 10619 | D:9      | XOM: polymorph kobold -> giant cockroach
 10709 | D:9      | Found a shimmering altar of Xom.
 10709 | D:9      | Found a shimmering altar of Xom.
 10709 | D:9      | Found a shimmering altar of Xom.
 10709 | D:9      | Found an opulent altar of Gozag.
 10709 | D:9      | XOM: 9-stop teleportation journey
 11068 | D:9      | Found a shimmering altar of Xom.
 11139 | D:9      | XOM: polymorph yak -> spriggan
 11430 | D:10     | Entered Level 10 of the Dungeon
 11456 | D:10     | Found a shadowy altar of Dithmenos.
 11483 | D:10     | Reached XP level 11. HP: 62/79 MP: 0/0
 11483 | D:10     | Learned a level 4 spell: Fulminant Prism
 11488 | D:10     | XOM: polymorph yak -> black bear
 11670 | D:10     | XOM: god gift: 3 stones
 11916 | D:10     | XOM: cast spell 'Summon Hydra'
 12128 | D:10     | XOM: silly message
 12261 | D:10     | XOM: summons 2 friendly demons
 12489 | D:10     | XOM: confuse monster(s)
 12497 | D:10     | XOM: summons 6 friendly demons
 12557 | D:10     | Found a staircase to the Orcish Mines.
 12584 | D:10     | XOM: summons friendly iron imp
 12600 | D:10     | XOM: potion effect (might)
 13015 | D:10     | XOM: god gift: shortbow {god gift}
 13063 | D:10     | XOM: enchant monster (good)
 13133 | D:10     | Found a glowing silver altar of Zin.
 13133 | D:10     | Found an iron altar of Okawaru.
 13205 | D:10     | XOM: silly message
 13318 | D:10     | XOM: scenery: 2 doors close
 13407 | D:10     | XOM: cloud trail
 13475 | D:10     | XOM: god gift: chain mail {god gift}
 13530 | D:11     | Found a gate leading to a gauntlet.
 13534 | Gauntlet | Entered a Gauntlet
 13534 | Gauntlet | Found a transporter.
 13534 | Gauntlet | Found a transporter.
 13549 | Gauntlet | Found a transporter.
 13553 | Gauntlet | Found a transporter.
 13557 | Gauntlet | Found a runed translucent door.
 13558 | Gauntlet | Noticed a moth of wrath
 13559 | Gauntlet | Found a runed translucent door.
 13561 | Gauntlet | Found a transporter.
 13565 | Gauntlet | Found a transporter.
 13585 | Gauntlet | Found a transporter.
 13590 | Gauntlet | Found a runed translucent door.
 13592 | Gauntlet | Found a transporter.
 13593 | Gauntlet | Noticed a hell hog
 13594 | Gauntlet | Found a runed translucent door.
 13609 | Gauntlet | Found a transporter.
 13613 | Gauntlet | Found a transporter.
 13614 | Gauntlet | Noticed a death scarab
 13621 | Gauntlet | Found a transporter.
 13625 | Gauntlet | Found a transporter.
 13628 | Gauntlet | Noticed a catoblepas
 13629 | Gauntlet | XOM: silly message
 13673 | D:11     | Noticed a two-headed ogre
 13674 | D:11     | XOM: noise
 13682 | D:11     | Killed a two-headed ogre
 13709 | D:11     | Noticed a brown ugly thing
 13717 | D:11     | XOM: silly message
 13734 | D:11     | XOM: potion effect (curing)
 13744 | D:11     | XOM: noise
 13750 | D:11     | XOM: summons friendly crimson imp
 13751 | D:11     | Killed a brown ugly thing
 13779 | D:11     | Noticed a two-headed ogre
 13787 | D:11     | XOM: potion effect (invisibility)
 13795 | D:11     | Killed a two-headed ogre
 13841 | D:11     | Noticed a manticore
 13841 | D:11     | XOM: summons 11 friendly demons
 13851 | D:11     | Killed a manticore
 13856 | D:11     | Noticed a deep elf pyromancer
 13884 | D:11     | Noticed a tengu warrior
 13886 | D:11     | Noticed a cyclops
 13887 | D:11     | XOM: fog
 13893 | D:11     | XOM: cast spell 'Call Canine Familiar'
 13922 | D:11     | Noticed a two-headed ogre
 13930 | D:11     | Reached XP level 12. HP: 22/88 MP: 0/0
 13931 | D:11     | Slain by a two-headed ogre

Illustrated notes

Levels and vault maps discovered:
D:1:      dpeg_arrival_caged_fury, layout_basic, serial_glass, glass_columns_a,
          glass_columns_a
D:2:      layout_loops_ring, ebering_ecumenical_altar_petrified,
          kennysheep_generic_room_5
D:3:      layout_rooms, serial_shops, shop
D:4:      layout_loops_ring, nemelex_dance_club_becter,
          nicolae_wu_jian_immortal_techniques, serial_shops, shop,
          nicolae_shop_dealshenge
D:5:      layout_cave_pools, mainiacjoe_overflow_surrounded_room,
          elyvilon_altar_4, grunt_decor_junction
D:6:      minmay_octagon_keep, layout_basic, lemuel_tele_altar,
          mainiacjoe_overflow_boulevard, minmay_temple_entry_mini_moons,
          uniq_blork_the_orc
D:7:      layout_loops_cross, vehumet_altar_wand_db, nzn_ghost_randoct,
          uniq_joseph, uniq_crazy_yiuf_cottage
D:8:      layout_basic, kiku_gazebo_garden_becter
D:9:      layout_cave_pools, yredelemnul_altar_generic,
          nicolae_gozag_cash_rules_everything_around_me, xom_redecorated,
          old_standard_altar, lemuel_flame_loot_1, uniq_maurice
D:10:     layout_stronghold, nicolae_dithmenos_through_a_glass_darkly,
          gammafunk_temple_overflow_elements,
          kennysheep_orc_monster_closet_entryway, minmay_misc_feat_enclosed,
          minmay_statue_bubble
D:11:     minmay_the_grid_net [minmay_the_grid_all_tris,
          minmay_the_grid_large_cup, minmay_the_grid_spin_star,
          minmay_the_grid_plusring, minmay_the_grid_minigrid_medium,
          minmay_the_grid_prize_trominoes], layout_layer_cave,
          grunt_lair_entry_orc_guard_hut, gauntlet_entry_generic,
          nrook_pool_corridor, minmay_guarded_unrand_staff_of_olgreb

Skill      XL: |  1  2  3  4  5  6  7  8  9 10 11 |
---------------+----------------------------------+-----
Long Blades    | 3 4 5 6 7 |  7.7
Spellcasting   | 1 2 3 4 5 7 |  7.0
Conjurations   | 1 2 3 4 5 7 |  7.0
Hexes          | 1 2 3 4 5 7 |  7.0
Summonings     | 1 2 3 4 5 7 |  7.0
Necromancy     | 1 2 3 4 5 7 |  7.0
Translocations | 1 2 3 4 5 7 |  7.0
Transmutations | 1 2 3 4 5 7 |  7.0
Fire Magic     | 1 2 3 4 5 7 |  7.0
Ice Magic      | 1 2 3 4 5 7 |  7.0
Air Magic      | 1 2 3 4 5 7 |  7.0
Earth Magic    | 1 2 3 4 5 7 |  7.0
Poison Magic   | 1 2 3 4 5 7 |  7.0
Armour         | 2 3 4 5 6 7 |  7.8
Dodging        | 3 4 5 6 7 8 |  8.8
Fighting       | 4 5 6 7 8 |  8.4

Action                     |  1- 3 |  4- 6 |  7- 9 | 10-12 || total
---------------------------+-------+-------+-------+-------++-------
  Melee: Falchion          |   101 |   197 |   316 |   127 ||   741
         Bite              |       |     8 |    43 |    77 ||   128
         Punch             |       |     2 |     2 |     1 ||     5
         Long sword        |       |       |       |   338 ||   338
   Cast: Call Imp          |       |     1 |    13 |    18 ||    32
         Searing Ray       |       |       |     5 |     6 ||    11
         Call Canine Famil |       |       |     9 |    27 ||    36
         Fulminant Prism   |       |       |       |     9 ||     9
  Evoke: Lightning rod     |       |       |     2 |     1 ||     3
         Wand              |       |       |       |     1 ||     1
    Use: Scroll            |       |    11 |     4 |     6 ||    21
         Potion            |       |       |       |     1 ||     1
   Stab: Sleeping          |     2 |     7 |       |     3 ||    12
         Paralysed         |       |     1 |       |       ||     1
         Invisible         |       |       |     5 |     6 ||    11
         Distracted        |       |       |     3 |     6 ||     9
         Confused          |       |       |     3 |       ||     3
 Armour: Leather armour    |    55 |   130 |   235 |   193 ||   613
         Troll leather arm |       |       |       |   113 ||   113
  Dodge: Dodged            |    84 |   125 |   284 |   447 ||   940
  Block: Buckler           |       |       |       |    90 ||    90
         Reflection        |       |       |       |     2 ||     2

Table legend: (Time is in decaauts)
 A = Elapsed time spent in this place.
 B = Non-inter-level travel time spent in this place.
 C = Inter-level travel time spent in this place.
 D = Time resting spent in this place.
 E = Time spent auto-exploring this place.
 F = Levels seen in this place.
 G = Mean time per level.
                   A        B        C        D        E       F      G
               +--------+--------+--------+--------+--------+-----+--------+
         Total |  14064 |  13768 |    296 |   4141 |   6918 |  12 | 1172.0 |
       Dungeon |  13927 |  13631 |    296 |   4141 |   6816 |  11 | 1266.1 |
      Gauntlet |    136 |    136 |      0 |      0 |    102 |   1 |  136.0 |
               +--------+--------+--------+--------+--------+-----+--------+

Top non-repeatable levels by time:
     D:1: 2431 daAuts
    D:10: 2062 daAuts
     D:7: 1775 daAuts
     D:6: 1434 daAuts
     D:4: 1226 daAuts
     D:8: 1085 daAuts
     D:2: 1068 daAuts
     D:9: 1065 daAuts
     D:5: 831 daAuts
     D:3: 645 daAuts
    D:11: 302 daAuts
Gauntlet: 136 daAuts
